 Dungeon Crawl Stone Soup version 0.24.0-13-gcf9b319 (webtiles) character file.

Game seed: 1816815866536961266, levelgen mode: deterministic

1540 Fang the Skirmisher (level 8, 0/52 HPs)
             Began as a Gargoyle Berserker on Dec 6, 2019.
             Was an Elder of Trog.
             Shot with an arrow by a centaur (3 damage)
             ... on level 6 of the Dungeon.
             The game lasted 00:08:14 (5191 turns).

Fang the Skirmisher (Gargoyle Berserker)            Turns: 5191, Time: 00:08:14

Health: 0/52       AC: 20    Str: 22    XL:     8   Next: 86%
Magic:  8/8        EV:  8    Int:  9    God:    Trog [****..]
Gold:   371        SH:  0    Dex:  9    Spells: 7/7 levels left

rFire    . . .     SeeInvis .   a - +0 hand axe
rCold    . . .     Gourm    .   (no shield)
rNeg     + . .     Faith    .   b - +2 plate armour {MR+}
rPois    ∞         Spirit   .   (no helmet)
rElec    +         Reflect  .   (no cloak)
rCorr    .         Harm     .   (no gloves)
MR       +....                  (no boots)
Stlth    ..........             (no amulet)
HPRegen  0.17/turn              (no ring)
MPRegen  0.11/turn              (no ring)

@: no status effects
A: negative energy resistance 1, electricity resistance, unbreathing,
petrification resistance, rot immunity, AC +5
a: Berserk, Trog's Hand, Brothers in Arms, Renounce Religion


You were on level 6 of the Dungeon.
You worshipped Trog.
Trog was greatly pleased with you.
You were not hungry.

You visited 2 branches of the dungeon, and saw 7 of its levels.
You also visited: Sewer.

You collected 371 gold pieces.

Inventory:

Hand Weapons
 a - a +0 hand axe (weapon)
Armour
 b - a +2 plate armour of magic resistance (worn)
Jewellery
 u - a +6 ring of evasion {unknown}
Wands
 i - a wand of flame (10)
 q - a wand of disintegration (14)
 t - a wand of iceblast (4)
 y - a wand of enslavement (4)
Scrolls
 f - 2 scrolls of blinking
 g - 3 scrolls of teleportation
 h - a scroll of enchant weapon {unknown}
 j - 3 scrolls of identify {unknown}
 l - a scroll of enchant armour {unknown}
 n - 3 scrolls of magic mapping {unknown}
 s - 2 scrolls of fear {unknown}
 w - a scroll of fog {unknown}
Potions
 d - 3 potions of flight {unknown}
 e - a potion of invisibility {unknown}
 k - 5 potions of heal wounds {unknown}
 m - 3 potions of magic {unknown}
 o - a potion of berserk rage {unknown}
 p - 2 potions of brilliance {unknown}
 r - a potion of mutation {unknown}
 v - 2 potions of resistance {unknown}
 x - a potion of lignification {unknown}
 z - a potion of might {unknown}
Comestibles
 c - 9 rations


   Skills:
 + Level 6.7 Fighting
 + Level 5.6 Axes
 + Level 6.2 Armour
 + Level 4.7 Dodging


You had 7 spell levels left.
You didn't know any spells.
Your spell library was empty.

Dungeon Overview and Level Annotations

Branches:
Dungeon (6/15)             Temple (1/1) D:4           Sewer (visited)

Altars:
Ashenzari
Cheibriados
Elyvilon
Fedhas
Hepliaklqana
Kikubaaqudgha
Makhleb
Okawaru
Qazlal
Ru
Sif Muna
Trog
Uskayaw
Wu Jian
Xom
Zin
The Shining One

Annotations:
D:6 1 runed translucent door


Innate Abilities, Weirdness & Mutations

You are resistant to torment.
Your stone body is resilient. (AC +5)
You are immune to poison.
You resist negative energy. (rN+)
You are resistant to electric shocks. (rElec)
You can survive without breathing.
You are immune to petrification.
You are immune to rotting.


Message History

The arrow barely misses you.
You see here an arrow.
The centaur shoots an arrow.
The arrow hits you but does no damage.
The centaur shoots an arrow.
The arrow closely misses you.
The centaur shoots an arrow.
The arrow hits you but does no damage.
The centaur shoots an arrow.
The arrow hits you but does no damage.
You see here 3 arrows.
The centaur shoots an arrow.
The arrow hits you but does no damage.
The centaur shoots an arrow.
The arrow hits you. The arrow burns you.
The centaur shoots an arrow.
The arrow hits you but does no damage.
The centaur shoots an arrow.
The arrow hits you.
* * * LOW HITPOINT WARNING * * *
You see here 4 arrows.
The centaur shoots an arrow.
The arrow hits you but does no damage.
The centaur shoots an arrow.
The arrow hits you.
* * * LOW HITPOINT WARNING * * *
The centaur shoots an arrow.
The arrow hits you.
* * * LOW HITPOINT WARNING * * *
The arrow burns you.
You die...

...## #....#
#...####..((((.##. ...#
#....# ##.##
#......###. ...##
##...# #.# #..≈≈≈≈≈≈##
....###....# #(##
#≈≈≈≈≈≈≈≈≈≈≈
###..#.....##
###(.##≈≈≈≈≈≈c.≈≈≈≈
##........#
#(((..≈≈≈≈.####.≈≈≈
#..###...###.(..≈≈≈≈.##
.≈≈≈ #.##
##(((.(.(..≈≈≈cc# .≈≈≈
#..# #...#..@..≈≈≈cc.
..≈≈ ...##
#..##....≈≈≈≈c.. ≈≈
.... ###..#.....≈≈≈≈≈..
≈≈ ....
#....###...≈≈≈≈≈.. .≈≈
.... #..........≈≈≈≈≈≈.
.≈≈≈
.....##.#.....≈≈≈≈≈≈
.≈≈≈≈≈
#..##..#.....##≈≈≈≈≈
≈≈≈≈≈≈
#.....##.....#....≈≈
≈≈≈≈≈≈ ..#.##.#
####......... ≈≈≈≈≈≈


You could see 5 centaurs.

Vanquished Creatures
  Grinder (D:4)
  A sky beast (D:6)
  An ice beast (D:6)
  A centaur (D:6)
  2 ogres
  A bullfrog (D:6)
  3 scorpions
  3 crimson imps
  A hound (D:5)
  A jelly (D:6)
  A bullfrog skeleton (D:6)
  Ijyb (D:3)
  A worker ant (D:5)
  3 orc wizards
  A hound skeleton (D:6)
  A howler monkey zombie (D:6)
  9 gnolls
  3 river rats
  12 adders
  2 oozes (D:3)
  3 worms
  3 dart slugs
  A leopard gecko (D:4)
  25 orcs
  8 giant cockroaches
  3 hobgoblins
  6 kobolds
  A quokka (D:2)
  3 ball pythons
  14 bats
  13 frilled lizards
  8 goblins
  A leopard gecko skeleton (D:4)
  17 rats
155 creatures vanquished.

Notes
Turn   | Place    | Note
-------+----------+-------------------------------------------
     0 | D:1      | Fang the Gargoyle Berserker began the quest for the Orb.
     0 | D:1      | Reached XP level 1. HP: 14/14 MP: 1/1
    92 | D:1      | Reached XP level 2. HP: 16/19 MP: 2/2
   848 | D:2      | Reached XP level 3. HP: 24/24 MP: 3/3
   986 | D:2      | Reached XP level 4. HP: 24/29 MP: 4/4
  1170 | D:2      | Reached ** piety under Trog
  1206 | D:2      | Found a snail-covered altar of Cheibriados.
  1206 | D:2      | Found a shattered altar of Ashenzari.
  1207 | D:2      | Found a shimmering blue altar of Sif Muna.
  1491 | D:2      | Found a stormy altar of Qazlal.
  1638 | D:3      | Reached XP level 5. HP: 33/33 MP: 5/5
  1734 | D:3      | Found a faded altar of an unknown god.
  1832 | D:3      | Noticed Ijyb
  1834 | D:3      | Reached *** piety under Trog
  1857 | D:3      | Killed Ijyb
  2266 | D:3      | Reached XP level 6. HP: 39/39 MP: 6/6
  2556 | D:4      | Reached skill level 5 in Fighting
  2773 | D:4      | Reached XP level 7. HP: 29/44 MP: 7/7
  2814 | D:4      | Found a staircase to the Ecumenical Temple.
  2968 | Temple   | Entered the Ecumenical Temple
  3103 | D:4      | Noticed Grinder
  3125 | D:4      | Paralysed by Grinder for 2 turns
  3128 | D:4      | Killed Grinder
  3339 | D:5      | Entered Level 5 of the Dungeon
  3354 | D:5      | Reached **** piety under Trog
  3388 | D:5      | Found a glowing drain.
  3413 | D:5      | Reached skill level 5 in Armour
  3425 | Sewer    | Entered a sewer
  4072 | D:5      | Reached XP level 8. HP: 46/51 MP: 8/8
  4345 | D:6      | Found an ancient bone altar of Kikubaaqudgha.
  4415 | D:6      | Reached skill level 5 in Axes
  4512 | D:6      | Found a runed translucent door.
  5191 | D:6      | Shot with an arrow by a centaur

Levels and vault maps discovered:
D:1:      dpeg_arrival_concentric_ovals, layout_loops_corners,
          minmay_hexomino_f4
D:2:      layout_loops_ring, nicolae_overflow_quartered_altars, eino_curves_02
D:3:      layout_basic, first_ration, chequers_ecumenical_altar_lobes,
          nrook_campfire, minmay_guardbox, uniq_ijyb
D:4:      layout_cave_pools, minmay_temple_entry_waves, minmay_misc_feat_square,
          uniq_grinder
D:5:      layout_basic, portal_sewer_entry_a
D:6:      layout_layer_cave, overflow_temple_1_default, ebering_ghost_sewer_d,
          centaur_isle
Temple:   nicolae_temple_x_marks_the_god

Skill      XL: |  1  2  3  4  5  6  7  8 |
---------------+-------------------------+-----
Axes           | 3 4 5 |  5.6
Dodging        | 2 3 4 |  4.7
Armour         | 3 4 5 6 |  6.2
Fighting       | 4 5 6 |  6.7

Action                   |  1- 3 |  4- 6 |  7- 9 || total
-------------------------+-------+-------+-------++-------
Melee: Hand axe          |    77 |   312 |   451 ||   840
Invok: Berserk           |     1 |     2 |     3 ||     6
       Trog's Hand       |       |       |     1 ||     1
  Use: Scroll            |       |     3 |       ||     3
  Eat: Chunk             |     1 |     8 |    10 ||    19
       Ration            |       |       |     1 ||     1
Armor: Animal skin       |     8 |       |       ||     8
       Plate armour      |    54 |   218 |   440 ||   712
Dodge: Dodged            |    42 |   128 |   224 ||   394
